 Dungeon Crawl Stone Soup version 0.26-a0-980-g0fe3eaa9ac (webtiles) character file.

Game seed: 4697806669118226245

3185 sahdkjhfkaj the Fighter (level 9, -9/46 HPs)
             Began as a Felid Conjurer on Dec 5, 2020.
             Was a Priest of Sif Muna.
             Mangled by a komodo dragon (30 damage)
             ... on level 1 of the Lair of Beasts.
             The game lasted 00:44:21 (18770 turns).

sahdkjhfkaj the Fighter (Felid Conjurer)           Turns: 18770, Time: 00:44:26

Health: -9/46      AC:  2    Str:  3    XL:     9   Next: 64%
Magic:  4/17       EV: 25    Int: 23    God:    Sif Muna [***...]
Gold:   803        SH:  5    Dex: 15    Spells: 0/17 levels left
                                        Lives:  0   Deaths: 2

rFire    . . .     SeeInvis +   (weapon unavailable)
rCold    . . .     Faith    .   (shield unavailable)
rNeg     . . .     Spirit   .   (armour unavailable)
rPois    .         Reflect  +   (helmet unavailable)
rElec    .         Harm     .   (cloak unavailable)
rCorr    .         Rampage  .   (gloves unavailable)
MR       ++...                  (boots unavailable)
Stlth    ++++......             a - amulet of reflection
HPRegen  0.15/turn              u - ring of wizardry
MPRegen  0.15/turn              i - ring of protection from magic

@: quick
A: very small, no armour, no weapons or thrown items, stealth, claws 1, fangs 3,
see invisible, speed 1, shaggy fur 2, sharp paws
a: Channel Magic, Forget Spell, Renounce Religion


You were on level 1 of the Lair of Beasts.
You worshipped Sif Muna.
Sif Muna was most pleased with you.
You visited 3 branches of the dungeon, and saw 13 of its levels.

You collected 803 gold pieces.

Inventory:

Jewellery
 a - an amulet of reflection (around neck)
 h - a +4 ring of slaying
 i - a ring of protection from magic (right paw)
 u - a ring of wizardry (left paw)
 C - an uncursed ring of protection from cold
 D - an uncursed ring of poison resistance
Wands
 k - a wand of iceblast (17)
 p - a wand of random effects (14)
 x - a wand of disintegration (12)
 y - a wand of polymorph (4)
 E - a wand of flame (8)
Scrolls
 b - 11 scrolls of teleportation
 e - 2 scrolls of amnesia
 j - 3 scrolls of remove curse
 l - 4 scrolls of fog
 r - a scroll of immolation
 s - 3 scrolls of magic mapping
 A - a scroll of random uselessness {unknown}
 F - a scroll of holy word {unknown}
Potions
 c - 3 potions of brilliance
 d - 2 potions of berserk rage
 f - 4 potions of curing
 g - 2 potions of might
 m - 4 potions of mutation
 n - a potion of resistance
 o - 2 potions of flight
 q - a potion of magic {unknown}
 t - 4 potions of haste
 w - a potion of heal wounds {unknown}
 z - a potion of attraction {unknown}
 B - a potion of cancellation {unknown}


   Skills:
 - Level 10.0 Fighting
 - Level 10.0 Dodging
 - Level 7.0 Stealth
 - Level 4.6 Spellcasting
 - Level 5.0 Conjurations
 - Level 5.0 Hexes
 - Level 10.0 Translocations
 - Level 3.9 Transmutations
 + Level 4.6 Earth Magic
 - Level 5.0 Evocations


You couldn't memorise any spells.
You knew the following spells:

 Your Spells              Type           Power        Failure   Level
a - Magic Dart            Conj           ####         1%          1
b - Searing Ray           Conj           ####..       1%          2
c - Fulminant Prism       Conj/Hex       ####......   4%          4
d - Iskenderun's Mystic   Conj/Tloc      #####...     1%          4
e - Vampiric Draining     Necr           #.........   12%         3
f - Borgnjor's Vile Clut  Necr/Erth      ###.......   38%         5

Your spell library contained the following spells:

 Spells                   Type           Power        Failure   Level
 Sandblast                Erth           ####..       1%          1
 Sting                    Tmut/Pois      ##..         1%          1
 Dazzling Flash           Conj/Hex       ####..       1%          3
 Animate Skeleton         Necr           #.....       4%          1
 Pain                     Necr           #...         4%          1
 Iskenderun's Battlesphe  Conj           ####....     14%         5
 Irradiate                Conj/Tmut      ####......   17%         5
 Bolt of Magma            Conj/Fire/Erth ###.......   28%         5
 Animate Dead             Necr           #.........   34%         4
 Fireball                 Conj/Fire      ###.......   34%         5
 Iron Shot                Conj/Erth      ####......   61%         6
 Statue Form              Tmut/Erth      ####.....    67%         6
 Agony                    Necr           #.......     69%         5
 Hydra Form               Tmut           ###.......   71%         6
 Orb of Destruction       Conj           ####......   98%         7
 Death Channel            Necr           #.........   99%         6
 Simulacrum               Ice/Necr       #.........   99%         6
 Dragon Form              Tmut           ###.......   99%         7
 Spellforged Servitor     Conj/Summ      ###.......   100%        7


Dungeon Overview and Level Annotations

Branches:
Dungeon (11/15)            Temple (1/1) D:7            Lair (1/6) D:11
    Orc (0/2) D:9

Altars:
Ashenzari
Cheibriados
Dithmenos
Elyvilon
Fedhas
Gozag
Hepliaklqana
Kikubaaqudgha
Makhleb
Nemelex Xobeh
Okawaru
Ru
Sif Muna
Trog
Uskayaw
Vehumet
Wu Jian
Xom
Yredelemnul
Zin
The Shining One

Shops:
D:4 *   D:8 *

Portals:
Trove: D:10 (give 2 scrolls of acquirement)

Annotations:
D:8 Gastronok, Psyche
D:9 1 runed translucent door, exclusions: door and 2 more exclusions
D:10 exclusion: gargoyle
Lair:1 3 runed translucent doors, exclusion: oklob plant, Urug; lordvenom1's ghost, novice DECj


Innate Abilities, Weirdness & Mutations

You cannot wear armour.
You are incapable of wielding weapons or throwing items.
Your paws allow you to move quietly. (Stealth)
You have sharp claws.
You have razor-sharp teeth.
You have supernaturally acute eyesight. (SInv)
You cover ground quickly.
You are covered in thick fur. (AC +2)
Your sharp claws are effective at attacking unaware monsters.


Message History

Casting: Searing Ray (safe; 1% risk of failure)
Confirm with . or Enter, or press ? or * to list all spells.
Aiming: Searing Ray (safe; 1% risk of failure)
Press: ? - help, Shift-Dir - straight line, f/p - komodo dragon
Aim: a komodo dragon (heavily wounded)
The searing ray hits the komodo dragon.
The komodo dragon is heavily wounded. (Press . to maintain the ray.) Unknown command.
The searing ray hits the komodo dragon!
The komodo dragon is severely wounded.
The komodo dragon bites you!!
Ouch! That really hurt!
The searing ray hits the komodo dragon!
The komodo dragon is almost dead.
The searing ray hits the five-headed hydra!
The five-headed hydra is heavily wounded.
The komodo dragon bites you!!
Ouch! That really hurt!
You die...

# ## ###
#####.################..###.#
................@lD..........
#.#....##.######.##....###.##
#.##...# ## ####...#......
..##...##.## #...#......
..##...+.... #...#......
..##.....# +..........+...
..#....### #...#......#...
..##...# ##...#......#... P#
#...######
####....#......#...


You could see a five-headed hydra and a komodo dragon.

Vanquished Creatures
  A two-headed ogre (D:8)
  A wizard (D:11)
  Pikel (D:6)
  2 deep elf magi (D:11)
  2 guardian mummies (D:10)
  Prince Ribbit (D:8)
  2 slime creatures
  A vampire (D:10)
  A wyvern (D:10)
  10 yaks
  Menkaure (D:6)
  2 water moccasins
  2 ice beasts (D:10)
  A sky beast (D:10)
  6 orc warriors
  2 black bears (D:10)
  5 phantoms
  3 centaurs
  6 ogres
  4 wolves (Lair:1)
  A big kobold (D:11)
  4 bullfrogs
  A wyvern skeleton (D:9)
  A water moccasin zombie (D:9)
  A scorpion (D:10)
  6 killer bees
  9 wights
  2 howler monkeys (D:6)
  A vampire bat (D:7)
  3 electric eels (D:10)
  3 bullfrog zombies
  2 centaur zombies
  2 hounds
  8 orc priests
  2 jellies
  10 orc wizards
  A bullfrog skeleton (D:5)
  3 centaur skeletons
  3 iguanas
  2 worker ants
  A killer bee zombie (D:5)
  A hound zombie (D:8)
  3 hound skeletons
  4 worker ant zombies
  2 howler monkey skeletons
  2 howler monkey zombies
  15 gnolls
  7 adders
  2 shadow imps
  2 white imps
  2 ufetubi
  An ooze (D:6)
  3 adder skeletons
  2 adder zombies
  3 worms
  4 dart slugs
  4 leopard geckos
  34 orcs
  13 bats
  7 giant cockroaches
  7 goblins
  7 hobgoblins
  4 jackals
  10 kobolds
  3 quokkas
  2 ball pythons
  6 frilled lizards
  A jackal zombie (D:5)
  A leopard gecko skeleton (D:4)
  2 leopard gecko zombies
  A quokka zombie (D:5)
  10 rats
  A spectral orc (D:5)
286 creatures vanquished.

Vanquished Creatures (others)
  32 fulminant prisms
  6 fungi (Lair:1)
  6 plants (Lair:1)
  5 withered plants (D:5)
49 creatures vanquished.

Grand Total: 335 creatures vanquished

Notes
Turn   | Place    | Note
-------+----------+-------------------------------------------
     0 | D:1      | sahdkjhfkaj the Felid Conjurer began the quest for the Orb.
     0 | D:1      | Reached XP level 1. HP: 7/7 MP: 4/4
   507 | D:1      | Reached XP level 2. HP: 10/11 MP: 0/6
   565 | D:1      | Learned a level 2 spell: Searing Ray
  1027 | D:2      | Reached XP level 3. HP: 13/14 MP: 3/7
  1455 | D:2      | Reached skill level 1 in Evocations
  1457 | D:2      | Reached XP level 4. HP: 18/18 MP: 1/9
  1463 | D:2      | Learned a level 4 spell: Fulminant Prism
  1863 | D:2      | Found an iron altar of Okawaru.
  2223 | D:3      | Found a hazy altar of Hepliaklqana.
  2395 | D:3      | Reached XP level 5. HP: 21/21 MP: 1/10
  3826 | D:3      | Reached skill level 5 in Evocations
  4225 | D:3      | Reached skill level 1 in Hexes
  4250 | D:4      | Found a radiant altar of Vehumet.
  4358 | D:4      | Gained mutation: You are covered in thick fur. (AC +2)
                  | [Felid growth]
  4358 | D:4      | Reached XP level 6. HP: 23/24 MP: 1/11
  4876 | D:4      | Found Amoupnak's Assorted Antiques.
  5278 | D:5      | Entered Level 5 of the Dungeon
  5813 | D:5      | Reached skill level 5 in Hexes
  6463 | D:5      | Reached XP level 7. HP: 27/27 MP: 3/12
  6786 | D:5      | Reached skill level 5 in Conjurations
  7073 | D:5      | Found a basalt altar of Yredelemnul.
  7480 | D:6      | Found a shimmering altar of Xom.
  7513 | D:6      | Noticed Menkaure
  7520 | D:6      | Learned a level 4 spell: Iskenderun's Mystic Blast
  7531 | D:6      | Reached skill level 1 in Translocations
  7966 | D:6      | Noticed Pikel
  8036 | D:6      | Killed Pikel
  8037 | D:6      | Reached skill level 5 in Translocations
  8037 | D:6      | Reached skill level 5 in Stealth
  8037 | D:6      | Reached XP level 8. HP: 24/36 MP: 0/14
  8408 | D:6      | Killed Menkaure
  9088 | D:7      | Found a bloodstained altar of Trog.
  9103 | D:7      | Reached skill level 5 in Fighting
  9240 | D:7      | Learned a level 3 spell: Vampiric Draining
  9356 | D:7      | Found a staircase to the Ecumenical Temple.
  9365 | Temple   | Entered the Ecumenical Temple
  9477 | Temple   | Became a worshipper of Sif Muna the Loreminder
  9693 | D:7      | Found a snail-covered altar of Cheibriados.
  9996 | D:7      | Reached XP level 9. HP: 37/40 MP: 10/17
 10142 | D:8      | Noticed a two-headed ogre
 10155 | D:8      | Killed a two-headed ogre
 10290 | D:8      | Found a burning altar of Makhleb.
 10464 | D:8      | Noticed Gastronok
 10968 | D:8      | Noticed Prince Ribbit
 10980 | D:8      | Killed Prince Ribbit
 11397 | D:8      | Noticed Psyche
 11584 | D:9      | Reached * piety under Sif Muna
 11644 | D:8      | Found Ywuqic's Assorted Antiques.
 11909 | D:9      | Reached skill level 10 in Fighting
 11957 | D:9      | Reached XP level 10. HP: 40/51 MP: 4/18
 12696 | D:9      | Found a staircase to the Orcish Mines.
 12818 | D:9      | Found a runed translucent door.
 12818 | D:9      | Noticed a boulder beetle
 12818 | D:9      | Noticed a harpy
 12818 | D:9      | Noticed a stone giant
 12820 | D:9      | Noticed a stone giant
 12820 | D:9      | Noticed a fire dragon
 12820 | D:9      | Noticed a centaur warrior
 12820 | D:9      | Noticed a fire dragon
 12821 | D:9      | Found the +3 salamander hide armour {Flames rF++ rC--}
 12847 | D:9      | Reached skill level 5 in Dodging
 12919 | D:9      | Found a snail-covered altar of Cheibriados.
 13109 | D:9      | Noticed a two-headed ogre
 13151 | D:10     | Entered Level 10 of the Dungeon
 13629 | D:10     | Reached ** piety under Sif Muna
 14175 | D:10     | Reached skill level 10 in Dodging
 14390 | D:10     | Noticed a gargoyle
 14444 | D:10     | Found a portal to a secret trove of treasure.
 15693 | D:11     | Reached skill level 1 in Transmutations
 15693 | D:11     | Reached skill level 1 in Earth Magic
 15771 | D:11     | Reached XP level 11. HP: 53/54 MP: 2/19
 16322 | D:11     | Noticed a wizard
 16328 | D:11     | Noticed a deep elf mage
 16335 | D:11     | Killed a deep elf mage
 16381 | D:11     | Noticed a deep elf mage
 16396 | D:11     | Killed a deep elf mage
 16552 | D:11     | Noticed a wizard
 16800 | D:11     | Killed a wizard
 16918 | D:11     | Reached *** piety under Sif Muna
 17007 | D:11     | Identified the Papyrus of Dhcmrlchtdj
 17014 | D:11     | Identified the Papyrus of Axaxaxas mlö
 17023 | D:11     | Identified Gougui Qudeu's Volume of Plaster Cramp
 17105 | D:11     | Learned a level 5 spell: Borgnjor's Vile Clutch
 17106 | D:11     | Found a staircase to the Lair.
 17356 | D:10     | HP: 2/54 [slime creature (21)]
 17362 | D:10     | Mangled by a slime creature
 17363 | D:10     | Reached XP level 10. HP: -8/51 MP: 13/18
 17421 | D:10     | Reached skill level 10 in Translocations
 18037 | Lair:1   | Entered Level 1 of the Lair of Beasts
 18177 | Lair:1   | Noticed a five-headed hydra
 18442 | Lair:1   | Noticed a five-headed hydra
 18448 | Lair:1   | Noticed an oklob plant
 18676 | Lair:1   | Noticed a cane toad
 18676 | Lair:1   | Noticed a cane toad
 18684 | Lair:1   | Noticed Urug
 18714 | Lair:1   | Found a runed translucent gate.
 18715 | Lair:1   | Found a runed translucent gate.
 18716 | Lair:1   | Found a runed translucent gate.
 18716 | Lair:1   | Noticed lordvenom1's ghost (novice DECj)
 18732 | Lair:1   | Hit by a javelin thrown by Urug
 18733 | Lair:1   | Reached XP level 9. HP: -10/46 MP: 6/17
 18770 | Lair:1   | Mangled by a komodo dragon

Illustrated notes

Levels and vault maps discovered:
D:1:      lightli_arrival_chessboard, layout_loops_cross
D:2:      layout_loops_ring, okawaru_ov_weapons_minmay
D:3:      layout_loops_ring, overflow_temple_1_default
D:4:      layout_cave_pools, overflow_temple_1_default, serial_shops, shop,
          serial_rivers, chequers_serial_rivers_micro_c,
          chequers_serial_rivers_micro_a, chequers_serial_rivers_micro_a,
          chequers_serial_rivers_micro_c, chequers_serial_rivers_micro_d,
          chequers_serial_rivers_micro_e, serial_park_tiny_2
D:5:      layout_loops_ring, marbit_many_paths,
          yredelemnul_forgotten_temple_becter, serial_undead, serial_undead_e,
          serial_undead_a, serial_undead_a, serial_undead_c
D:6:      layout_loops_ring, xom_teletrap_fun, minmay_tree_intersection,
          uniq_menkaure, uniq_pikel
D:7:      layout_loops_corners, nicolae_overflow_hidden_temple,
          minmay_temple_entry_statues_pillars, roderic_batcave,
          chei_slow_surprise
D:8:      layout_layer_cave, serial_shops, shop, basic_altar, uniq_gastronok,
          uniq_psyche, uniq_prince_ribbit1
D:9:      minmay_gate_of_8, layout_basic, david_orc_4, basic_altar
D:10:     layout_basic, nicolae_trove_entry_path_of_doom
D:11:     layout_cave_pools, lair_entry_dummy, bh_hangedman_babel_library
Temple:   regret_index_temple_waves
Lair:1:   layout_regular_city, ebering_ghost_rock_garden,
          minmay_lair_oklob_chamber, grunt_megastairs_5, uniq_urug

Skill      XL: |  1  2  3  4  5  6  7  8  9 10 11 |
---------------+----------------------------------+-----
Conjurations   | 4 5 |  5.0
Evocations     | 1 3 5 |  5.0
Hexes          | 2 5 |  5.0
Fighting       | 4 5 10 | 10.0
Stealth        | 5 7 |  7.0
Translocations | 5 10 9 | 10.0
Spellcasting   | 3 4 |  4.6
Dodging        | 10 | 10.0
Transmutations | 1 3 |  3.9
Earth Magic    | 4 3 |  4.6

Action                   |  1- 3 |  4- 6 |  7- 9 | 10-12 || total
-------------------------+-------+-------+-------+-------++-------
Melee: Unarmed           |    15 |    17 |    29 |    21 ||    82
       Bite              |     3 |     1 |     2 |     2 ||     8
 Cast: Magic Dart        |    58 |   163 |   154 |    93 ||   468
       Searing Ray       |     7 |    17 |    48 |   108 ||   180
       Fulminant Prism   |       |     2 |    13 |    17 ||    32
       Iskenderun's Myst |       |       |     1 |     4 ||     5
       Borgnjor's Vile C |       |       |       |     2 ||     2
Evoke: Wand              |       |       |       |     5 ||     5
  Use: Scroll            |     4 |     3 |     8 |     7 ||    22
       Potion            |       |     1 |       |     1 ||     2
 Stab: Sleeping          |       |       |     1 |     1 ||     2
Armor: Skin              |     3 |     3 |     6 |     4 ||    16
Dodge: Dodged            |    28 |    44 |    81 |   153 ||   306
Block: Other             |       |     8 |    20 |    42 ||    70
       Reflection        |       |       |     1 |     1 ||     2

Table legend: (Time is in decaauts)
 A = Elapsed time spent in this place.
 B = Non-inter-level travel time spent in this place.
 C = Inter-level travel time spent in this place.
 D = Time resting spent in this place.
 E = Time spent auto-exploring this place.
 F = Levels seen in this place.
 G = Mean time per level.
                   A        B        C        D        E       F      G
               +--------+--------+--------+--------+--------+-----+--------+
         Total |  17238 |  16687 |    551 |   3057 |  11020 |  13 | 1326.0 |
       Dungeon |  16615 |  16078 |    537 |   2993 |  10831 |  11 | 1510.5 |
        Temple |    101 |     88 |     13 |      0 |     84 |   1 |  101.0 |
          Lair |    521 |    521 |      0 |     64 |    104 |   1 |  521.0 |
               +--------+--------+--------+--------+--------+-----+--------+

Top non-repeatable levels by time:
    D:10: 2744 daAuts
     D:3: 2051 daAuts
    D:11: 1670 daAuts
     D:9: 1619 daAuts
     D:7: 1528 daAuts
     D:5: 1500 daAuts
     D:8: 1277 daAuts
     D:4: 1142 daAuts
     D:6: 1104 daAuts
     D:2: 1069 daAuts
     D:1: 906 daAuts
  Lair:1: 521 daAuts
  Temple: 101 daAuts
